Cogmind - Beta 10.2 @@@ ROGUE MODE // 2022.02.22 @ 16:27:50 Player: bschuck Result: Destroyed by S-27 Virus with Autogun Performance ------------- Evolutions (3) 1500 Regions Visited (6) 1200 Robots Destroyed (23) 115 Value Destroyed (748) 748 Prototype IDs (0) 0 Alien Tech Used (0) 0 Bonus (0) 0 TOTAL SCORE: 3563 Bonus ------- None Cogmind --------- Core Integrity 0/700 Matter 264/300 Energy 100/100 System Corruption 2% Temperature Cool (0) Movement Core (650) Ox12 Location -7/Factory Parts ------- > --- POWER (2) -------- (None) > --- PROPULSION (2) --- (None) > --- UTILITY (5) ------ High-capacity Storage Unit Advanced Terrain Scan Processor > --- WEAPON (4) ------- Greatsword > --- INVENTORY (12) --- Improved Deuterium Engine Melee Analysis Suite Launcher Guidance Computer Improved Light Armor Plating Remote Datajack Katana Greatsword Peak State ------------ > --- POWER ------------ Ion Engine Light Ion Engine > --- PROPULSION ------- Aluminum Leg Aluminum Leg > --- UTILITY ---------- High-capacity Storage Unit Large Battery Advanced Terrain Scan Processor Medium Reactive Plating Medium Reactive Plating > --- WEAPON ----------- Improved EM Pulse Cannon Improved EM Pulse Cannon Improved EM Pulse Cannon Heavy Assault Rifle > --- INVENTORY -------- Improved Deuterium Engine Aluminum Leg Improved Light Armor Plating Improved EM Pulse Cannon Light Assault Rifle Remote Datajack Katana [Rating: 34] Favorites ----------- Power Light Ion Engine Engine Light Ion Engine Propulsion Aluminum Leg Treads Light Treads Leg Aluminum Leg Utility Medium Reactive Plating Device Shock Absorption System Storage Large Battery Processor Advanced Terrain Scan Processor Protection Medium Reactive Plating Weapon Improved EM Pulse Cannon Energy Gun EM Pulse Gun Energy Cannon Improved EM Pulse Cannon Ballistic Gun Light Assault Rifle Ballistic Cannon Advanced Assault Cannon Slashing Weapon Greatsword Build | -11 -10 -10 -9 -9 -8 -7 ------- Run | Scr Mat Min Mat Min Mat Fac Slots Evolved 6 | . . . 2 . 2 2 Power 1 | . . . . . 1 . Propulsion . | . . . . . . . Utility 3 | . . . 1 . 1 1 Weapon 2 | . . . 1 . . 1 Parts Attached 37 | 6 4 1 1 8 7 10 Power 6 | 1 2 . . 1 2 . Engine 6 | 1 2 . . 1 2 . Core . | . . . . . . . Reactor . | . . . . . . . Propulsion 6 | 2 . . . 2 1 1 Treads 2 | 2 . . . . . . Leg 4 | . . . . 2 1 1 Wheel . | . . . . . . . Hover . | . . . . . . . Flight . | . . . . . . . Utility 8 | 1 2 . . 1 1 3 Device 1 | . . . . . . 1 Storage 3 | 1 1 . . . . 1 Processor 1 | . . . . 1 . . Hackware . | . . . . . . . Protection 3 | . 1 . . . 1 1 Artifact . | . . . . . . . Weapon 17 | 2 . 1 1 4 3 6 Energy Gun 3 | . . . 1 2 . . Energy Cannon 5 | . . . . . 3 2 Ballistic Gun 7 | 2 . 1 . 1 . 3 Ballistic Cannon 1 | . . . . 1 . . Launcher . | . . . . . . . Special Weapon . | . . . . . . . Impact Weapon . | . . . . . . . Slashing Weapon 1 | . . . . . . 1 Piercing Weapon . | . . . . . . . Special Melee Weapon . | . . . . . . . Unidentified Prototypes . | . . . . . . . Parts Lost 15 | . . . . 2 . 13 Power 2 | . . . . . . 2 Propulsion 3 | . . . . 1 . 2 Utility 3 | . . . . . . 3 Weapon 7 | . . . . 1 . 6 Highest Loss Streak 10 | . . . . 1 . 10 Average Slot Usage (%) 94 | . 98 100 88 87 94 93 Engine 12 | . 14 14 11 11 15 11 Treads 9 | . 28 28 22 13 . . Leg 9 | . . . . 4 18 14 Storage 18 | . 15 28 22 22 18 14 Processor 4 | . . . . 5 9 7 Protection 8 | . 12 . . . 5 12 Energy Gun 2 | . . . 11 15 5 . Energy Cannon 12 | . . . . . 18 21 Ballistic Gun 12 | . 28 28 22 11 . 6 Naked Turns . | . . . . . . . Heaviest Build 107 | 9 12 12 14 25 56 107 Greatest Support 40 | 40 40 40 40 40 20 20 Greatest Overweight (x) 12 | 1 . . . 7 2 12 Average Overweight (x) 1 | . . . . . 1 4 Largest Inventory Capacity 12 | 6 6 6 6 6 6 12 Average Capacity 8 | 5 6 6 6 6 6 11 Most Carried 10 | 6 6 6 5 6 6 10 Average Carried 6 | 3 5 5 5 5 5 6 Final Capacity 12 | 6 6 6 6 6 6 12 Final Carried 8 | 6 6 6 5 5 6 8 Class Distribution -------------------- 48% | Tank 37% | Mutant 12% | Gunner Dominant Class ---------------- Mutant | -10/Materials Mutant | -10/Mines Gunner | -9/Materials Gunner | -9/Mines Tank | -8/Materials Tank | -7/Factory Resources | -11 -10 -10 -9 -9 -8 -7 ----------- Run | Scr Mat Min Mat Min Mat Fac Matter Collected 728 | 246 110 30 . 84 159 99 Remotely . | . . . . . . . Salvage Created 851 | . 231 50 . 207 93 270 Parts 61 | . 13 9 . 11 13 15 Haulers Intercepted . | . . . . . . . Recyclers Shooed 1 | . 1 . . . . . Parts Field Recycled . | . . . . . . . Retrieved Matter . | . . . . . . . Parts Self-Destructed . | . . . . . . . Prevented . | . . . . . . . Kills | -11 -10 -10 -9 -9 -8 -7 ------- Run | Scr Mat Min Mat Min Mat Fac Combat Hostiles Destroyed 19 | . 3 3 . 4 3 6 Melee 1 | . . . . . . 1 Guns 10 | . 3 3 . 2 . 2 Cannons 6 | . . . . 1 3 2 AOE 2 | . . . . 1 . 1 Classes Destroyed 9 | . 3 1 . 1 2 2 Worker 1 | . 1 . . . . . Builder 1 | . . . . . . 1 Recycler 1 | . 1 . . . . . Operator 1 | . . . . . 1 . Swarmer 6 | . . 3 . . 2 1 Grunt 7 | . 3 . . 3 . 1 Duelist 3 | . . . . 1 . 2 Sentry 2 | . . . . . 1 1 Programmer 1 | . . . . . . 1 Best Kill Streak 4 | . 3 2 . 2 2 4 Combat Bots Only 3 | . 1 2 . 2 2 3 Max Kills in Single Turn 2 | . 1 1 . 1 1 2 Gunslinging . | . . . . . . . Exploded 1 | . . . . 1 . 1 Melee 1 | . . . . . . 1 Uniques/NPCs Destroyed . | . . . . . . . Combat | -11 -10 -10 -9 -9 -8 -7 -------- Run | Scr Mat Min Mat Min Mat Fac Damage Taken 2881 | . 248 84 . 393 181 1975 Core 858 | . 18 6 . 114 13 707 Absorbed by Shields . | . . . . . . . Core Remaining (%) 89 | 100 . 90 . 71 97 . Volleys Fired 76 | . 29 10 . 13 10 14 Largest 4 | . 2 2 . 3 3 4 Hottest 230 | . 40 40 . 143 207 230 Shots Fired 180 | . 58 20 . 36 25 41 Gun 125 | . 58 20 . 28 7 12 Cannon 55 | . . . . 8 18 29 Launcher . | . . . . . . . Special . | . . . . . . . Kinetic 113 | . 58 20 . 17 6 12 Thermal 5 | . . . . . 1 4 Explosive . | . . . . . . . Electromagnetic 62 | . . . . 19 18 25 Robot Hit Streak 21 | . 9 6 . 13 8 21 Robot Miss Streak 6 | . 3 3 . 3 6 3 Penetration Max . | . . . . . . . Secondary Targets 1 | . . . . 1 . . Max Gunslinging Chain 1 | . . . . 1 . . Shots Hit Robots 116 | . 38 11 . 23 14 30 Core Hits 43 | . 12 4 . 9 4 14 Critical Hits 1 | . . . . . . 1 Critical Kills 1 | . . . . . . 1 Critical Parts Destroyed . | . . . . . . . Melee Attacks 9 | . . . . . . 9 Impact . | . . . . . . . Slashing 9 | . . . . . . 9 Piercing . | . . . . . . . Sneak Attacks . | . . . . . . . Combat Hostiles . | . . . . . . . Follow-up Attacks . | . . . . . . . Damage Inflicted 2031 | . 315 88 . 259 162 1207 Guns 699 | . 315 88 . 171 20 105 Cannons 623 | . . . . 51 142 430 Explosions 566 | . . . . 37 . 529 Melee 143 | . . . . . . 143 Ramming . | . . . . . . . Kinetic 694 | . 315 88 . 106 80 105 Thermal 634 | . . . . 37 . 597 Explosive . | . . . . . . . Electromagnetic 560 | . . . . 116 82 362 Impact . | . . . . . . . Slashing 143 | . . . . . . 143 Piercing . | . . . . . . . Highest Corruption 2 | . . . . . 1 2 Average Corruption 1 | . . . . . 1 1 Corruption Purged . | . . . . . . . Overload Shots . | . . . . . . . Overflow Damage 155 | . . . . 23 . 132 Projectiles . | . . . . . . . Explosions 105 | . . . . 23 . 82 Melee 50 | . . . . . . 50 Knockbacks 1 | . . . . 1 . . Impact . | . . . . . . . Kinetic 1 | . . . . 1 . . Secondary . | . . . . . . . Self-Inflicted Damage 227 | . . . . 39 . 188 Shots 3 | . . . . 1 . 2 Rammed 1 | . 1 . . . . . Targets Rammed 1 | . 1 . . . . . Kicked . | . . . . . . . Crushed . | . . . . . . . Highest Temperature 621 | . 78 . . 529 297 621 Average Temperature 174 | . 26 . . 223 90 303 Received Heat Transfer 282 | . 141 . . 96 9 36 Effects 35 | . . . . 6 1 28 Shutdowns 8 | . . . . 2 . 6 Energy Bleed 4 | . . . . 1 . 3 Interference 5 | . . . . 2 1 2 Matter Decay 2 | . . . . . . 2 Short Circuit 2 | . . . . . . 2 Damage (minor) 4 | . . . . 1 . 3 Damage (major) 6 | . . . . . . 6 Damage (core) 4 | . . . . . . 4 Siege Activations . | . . . . . . . Robots Corrupted . | . . . . . . . Combat Hostiles . | . . . . . . . Parts Fried 2 | . . . . . . 2 Impact Corruptions . | . . . . . . . Robots Melted . | . . . . . . . Combat Hostiles . | . . . . . . . Parts Melted 4 | . . . . . . 4 Heat Transferred 374 | . . . . . . 374 Parts Sabotaged . | . . . . . . . Parts Stolen . | . . . . . . . Parts Stripped . | . . . . . . . Power Chain Reactions 1 | . . . . 1 . . Missiles Intercepted . | . . . . . . . Alert | -11 -10 -10 -9 -9 -8 -7 ------- Run | Scr Mat Min Mat Min Mat Fac Peak Influence 174 | . 114 129 50 114 174 138 Initial 79 | . . 44 50 19 44 79 Average 75 | . 32 62 50 83 120 90 Maximum Alert Level . | . . . . . . . Low Security (%) 100 | 100 100 100 100 100 100 100 Level 1 . | . . . . . . . Level 2 . | . . . . . . . Level 3 . | . . . . . . . Level 4 . | . . . . . . . Level 5 . | . . . . . . . High Security . | . . . . . . . Max Security . | . . . . . . . Squads Dispatched 2 | . . . . . . 2 Investigation . | . . . . . . . Extermination 1 | . . . . . . 1 Reinforcement . | . . . . . . . Assault . | . . . . . . . Garrison 1 | . . . . . . 1 Intercept . | . . . . . . . Construction Impeded . | . . . . . . . Haulers Reinforced . | . . . . . . . Stealth | -11 -10 -10 -9 -9 -8 -7 --------- Run | Scr Mat Min Mat Min Mat Fac Distress Signals . | . . . . . . . Communications Jammed . | . . . . . . . Distress Signals . | . . . . . . . Times Spotted 30 | . 5 4 . 4 6 11 Peak Tracking Total 6 | . 2 3 . 2 4 6 Tactical Retreats 2 | . 1 1 . . . . Traps | -11 -10 -10 -9 -9 -8 -7 ------- Run | Scr Mat Min Mat Min Mat Fac Traps Triggered 5 | . . . . 2 1 2 Indirectly . | . . . . . . . Trap Hack Attempts . | . . . . . . . Triggered . | . . . . . . . Disarmed . | . . . . . . . Reprogrammed 6 | . 6 . . . . . Reused . | . . . . . . . Traps Extracted . | . . . . . . . Installed . | . . . . . . . Triggered . | . . . . . . . Machines | -11 -10 -10 -9 -9 -8 -7 ---------- Run | Scr Mat Min Mat Min Mat Fac Machines Disabled 6 | . . . . 1 . 5 Max in Single Turn 4 | . . . . 1 . 4 Machines Sabotaged . | . . . . . . . Garrisons Compromised . | . . . . . . . Overloaded Fab Kills . | . . . . . . . Fab Network Shutdowns . | . . . . . . . Hacking | -11 -10 -10 -9 -9 -8 -7 --------- Run | Scr Mat Min Mat Min Mat Fac Machines Accessed 4 | . 2 . . 1 . 1 Terminals 1 | . 1 . . . . . Fabricators 1 | . . . . . . 1 Repair Stations . | . . . . . . . Recycling Units 1 | . 1 . . . . . Scanalyzers . | . . . . . . . Garrison Access . | . . . . . . . Total Hacks 9 | . 5 . . 1 . 3 Successful 7 | . 4 . . 1 . 2 Failed 2 | . 1 . . . . 1 Catastrophic . | . . . . . . . Database Lockouts . | . . . . . . . Manual 1 | . . . . . . 1 Terminals 4 | . 4 . . . . . Fabricators 3 | . . . . . . 3 Repair Stations . | . . . . . . . Recycling Units 1 | . 1 . . . . . Scanalyzers . | . . . . . . . Garrison Access . | . . . . . . . Terminal Hacks 4 | . 3 . . 1 . . Record 1 | . 1 . . . . . Open Door 1 | . . . . 1 . . Locate Traps 1 | . 1 . . . . . Reprogram Traps 1 | . 1 . . . . . Fabricator Hacks 2 | . . . . . . 2 Network Status 1 | . . . . . . 1 Build 1 | . . . . . . 1 Repair Station Hacks . | . . . . . . . Recycling Unit Hacks 1 | . 1 . . . . . Report Inventory 1 | . 1 . . . . . Scanalyzer . | . . . . . . . Garrison Access Hacks . | . . . . . . . Unauthorized Hacks . | . . . . . . . Terminals . | . . . . . . . Fabricators . | . . . . . . . Repair Stations . | . . . . . . . Recycling Units . | . . . . . . . Scanalyzers . | . . . . . . . Garrison Access . | . . . . . . . Data Cores Recovered . | . . . . . . . Used . | . . . . . . . Hacking Detections 2 | . 2 . . . . . Full Trace Events . | . . . . . . . Feedback Events . | . . . . . . . Feedback Blocked . | . . . . . . . Robot Schematics Acquired . | . . . . . . . Robots Built . | . . . . . . . Matter 153 | . . . . . . 153 Time 81 | . . . . . . 81 Total Robot Build Rating . | . . . . . . . Part Schematics Acquired . | . . . . . . . Parts Built . | . . . . . . . Matter . | . . . . . . . Time . | . . . . . . . Total Part Build Rating . | . . . . . . . Parts Repaired . | . . . . . . . Time . | . . . . . . . Parts Recycled . | . . . . . . . Recycled Matter . | . . . . . . . Retrieved Matter . | . . . . . . . Retrieved Components . | . . . . . . . Parts Scanalyzed . | . . . . . . . Part Schematics Acquired . | . . . . . . . Parts Damaged . | . . . . . . . Bothacking | -11 -10 -10 -9 -9 -8 -7 ------------ Run | Scr Mat Min Mat Min Mat Fac Used RIF Installer . | . . . . . . . Robots Hacked . | . . . . . . . Non-combat . | . . . . . . . Combat . | . . . . . . . Robot Hacks Applied . | . . . . . . . Relay Couplers Released . | . . . . . . . Robots Rewired . | . . . . . . . Allies Hacked . | . . . . . . . Hacks Repelled . | . . . . . . . Allies | -11 -10 -10 -9 -9 -8 -7 -------- Run | Scr Mat Min Mat Min Mat Fac Total Allies . | . . . . . . . Largest Group . | . . . . . . . Highest-Rated Group . | . . . . . . . Highest-Rated Ally . | . . . . . . . Total Orders . | . . . . . . . Ally Attacks . | . . . . . . . Total Damage . | . . . . . . . Kills . | . . . . . . . Allies Corrupted . | . . . . . . . Allies Melted . | . . . . . . . Intel | -11 -10 -10 -9 -9 -8 -7 ------- Run | Scr Mat Min Mat Min Mat Fac Robot Analysis Total . | . . . . . . . Derelict Logs Recovered . | . . . . . . . Drone Launches . | . . . . . . . Drone Recoveries . | . . . . . . . Exploration | -11 -10 -10 -9 -9 -8 -7 ------------- Run | Scr Mat Min Mat Min Mat Fac Turns Passed 2259 | 150 284 332 24 212 292 965 Spaces Moved 992 | 88 124 190 15 94 144 337 Core 15 | 11 . . . 3 . 1 Treads 477 | 77 124 190 15 71 . . Legs 500 | . . . . 20 144 336 Wheels . | . . . . . . . Hover . | . . . . . . . Flight . | . . . . . . . Fastest Speed 50 | 50 160 160 160 150 150 210 Average Speed 195 | 150 160 160 160 166 170 260 Slowest Speed 650 | 160 160 160 160 400 180 650 Overloaded Moves . | . . . . . . . Propulsion Burnouts . | . . . . . . . Robots Hopped . | . . . . . . . Cave-ins Triggered . | . . . . . . . Exploration Rate (%) 21 | 6 32 56 4 25 20 8 Regions Visited 6 Branch Regions 2 Pre-discovered Areas . | . . . . . . . Known Exits Taken . | . . . . . . . Unknown Exits Taken 6 | 1 1 1 1 1 1 . Scrap Searched 1 | . . 1 . . . . Spaces Dug . | . . . . . . . Terrain Destroyed 28 | . . . . 5 . 23 Melee . | . . . . . . . Projectile 6 | . . . . 5 . 1 AOE 22 | . . . . . . 22 Terrain Rammed . | . . . . . . . Walls Destroyed . | . . . . . . . Machines Disabled . | . . . . . . . Actions | -11 -10 -10 -9 -9 -8 -7 --------- Run | Scr Mat Min Mat Min Mat Fac Total 1164 | 105 163 203 15 122 171 385 Wait . | . . . . . . . Move 986 | 87 123 189 14 93 143 337 Hop . | . . . . . . . Pick Up 35 | 12 2 1 . 5 5 10 Fast Attach 11 | . 3 . . 3 4 1 Attach 25 | 6 1 . 1 5 3 9 Detach . | . . . . . . . Swap 1 | . . 1 . . . . Drop 20 | . 4 2 . 3 6 5 Fire 76 | . 29 10 . 13 10 14 Melee 9 | . . . . . . 9 Ram . | . . . . . . . Kick . | . . . . . . . Crush 1 | . 1 . . . . . Escape Stasis . | . . . . . . . Rewire . | . . . . . . . Trap . | . . . . . . . Miscellaneous . | . . . . . . . Route ------- -11/Scrapyard -10/Materials -10/Mines -9/Materials -9/Mines -8/Materials -7/Factory History --------- Turn | Location | Event 19 | -11/Scrapyard | Discovered new exit (range 14) 151 | -11/Scrapyard | Entered Materials 312 | -10/Materials | Build established: Mutant 329 | -10/Materials | Discovered new exit (range 15) 435 | -10/Materials | Entered Mines 759 | -10/Mines | Discovered new exit (range 5) 767 | -10/Mines | Entered Materials 767 | -9/Materials | Evolved 2 slots: Utility x1, Weapon x1 770 | -9/Materials | Discovered new exit (range 13) 791 | -9/Materials | Entered Mines 884 | -9/Mines | Discovered new exit (range 15) 895 | -9/Mines | Met a Derelict who couldn't figure out how to use a Trap Extractor 1003 | -9/Mines | Entered Materials 1003 | -8/Materials | Evolved 2 slots: Power x1, Utility x1 1279 | -8/Materials | Discovered new exit (range 3) 1295 | -8/Materials | Entered Factory 1295 | -7/Factory | Evolved 2 slots: Utility x1, Weapon x1 1595 | -7/Factory | Build established: Tank 1816 | -7/Factory | Core integrity fell below 50% 1832 | -7/Factory | Lost 3 parts (1p2w) 2207 | -7/Factory | Garrison activated, responded to threat 2239 | -7/Factory | Core integrity fell below 20% 2260 | -7/Factory | Destroyed by S-27 Virus with Autogun Last Messages --------------- Hvy. Ion Cannon destroyed. Shock Absorption System destroyed. Lgt. Assault Rifle destroyed. Lrg. Battery destroyed. K-01 Serf cleans the Neutrino Reactor. S-27 Virus destroyed. K-01 Serf cleans the Neutrino Reactor. Destroyed VTOL Module. K-01 Serf collects debris. Aluminum Leg destroyed. Destroyed VTOL Module. K-01 Serf collects debris. Ion Engine destroyed. K-01 Serf cleans the Neutrino Reactor. Neutrino Reactor explodes. K-01 Serf destroyed. Neutrino Reactor explodes. S-27 Virus destroyed. S-27 Virus misfires. Imp. EM Pulse Cannon destroyed. Map ----- +----------------------------------------------------+ | | | | | | | | | | | | | | | | | | | | | | | | | | | | | | | | | | | | | ????????????????###############################??? | | ????????????????# ! # ! !!/ #??? | | ????????????????# # !// #??? | | ????????????????? # #??? | | ????????????????? """ = """ # #??? | | ????????????????? """ % """ # #??? | | ????????????????# """ """ # """"""""" #??? | | ????????????????# @[ s # #??? | | ????????###+#############s######+#######+######### | | ????????# !! ss | | ?????? ! | | ?????????? """ | | | ?????????? "G" "" !% | | ?????????? " " """""" * | | ????????# """"""" #"### ######+## | | ????????#!! """""""k ###?# #???????? | | ????????#!! #???# """" #???????? | | ????????# #???# """" #???????? | | ????????? ? #???# """" #???????? | | ????????? ??? #???# """" #???????? | | ??????????? ? ????? #???# "?"" #???????? | | ????????????#????????########???# "??" #???????? | | ????????????????????????????????# "??" #???????? | | ????????????????????????????????# ?? #???????? | | ????????????????????????????????? ??? #???????? | | ??????????????????????????????????????? ????????? | | ?????????????????????????????????????????????????? | | ?????????????????????????????????????????????????? | | ?????????????????????????????????????????????????? | | ?????????????????????????????????????????????????? | | ?????????????????????????????????????????????????? | | ?????????????????????????????????????????????????? | +----------------------------------------------------+ Best States ------------- Heat Dissipation 34 Energy Generation 15 Energy Capacity 575 Matter Stores 300 Matter Capacity 300 Sight Range 16 Terrain Scan Density 210 Armor Coverage 450 Resistance: KI 30 Resistance: EX 25 Evasion (%) 40 Recoil Reduction 2 Item Schematics ----------------- None Robot Schematics ------------------ None Fabricated ------------ Nothing Alien Tech Used ----------------- None Achievements -------------- None Challenges ------------ None Game ------ Seed InertialTiamatTorch Manual? 0 Play Time 00:24:43 Cumulative 17.4 hours Start 2022.02.22 @ 16:02:17 End 2022.02.22 @ 16:27:50 Sessions 1 Manual Loads 0 Difficulty Rogue Special Mode None Game No. 18 Rogue 7 Adventurer 0 Explorer 11 Win Type - Total 0 Types 0/0/0/0/0/0/0/0/0 Lore% 6 Gallery% 28 Achievement% 19 Wizard Run 0 Options --------- ASCII 0 Keyboard 0 Movement Mouse Keybinds 0 Fullscreen 1 Font 24/Smallcaps Map View 76x50 Tactical HUD 0 Map Filters NONE Filters NONE Steam 1 RUN: df6bc047-dd7d-42b3-9dd3-4ce4f77d9c77